 Dungeon Crawl Stone Soup version 0.29-a0-330-g52719c12eb (webtiles) character file.

Game seed: 14098677545975808741

8084 HendSelp the Impaler (level 11, -11/138 HPs)
             Began as a Merfolk Gladiator on Apr 12, 2022.
             Was a Priest of Wu Jian.
             Killed from afar by a steam dragon (16 damage)
             ... with a ball of steam
             ... on level 9 of the Dungeon.
             The game lasted 00:09:27 (8157 turns).

HendSelp the Impaler (Merfolk Gladiator)            Turns: 8157, Time: 00:09:27

Health: -11/138    AC: 25    Str: 19    XL:     11   Next: 25%
Magic:  11/11      EV:  2    Int:  8    God:    Wu Jian [***...]
Gold:   535        SH:  0    Dex: 21    Spells: 10/10 levels left

rFire   . . .      SeeInvis .   a - +0 trident (drain)
rCold   . . .      Faith    .   (no shield)
rNeg    . . .      Spirit   .   (body armour currently unavailable)
rPois   +          Reflect  .   (helmet currently unavailable)
rElec   .          Harm     .   (cloak currently unavailable)
rCorr   .          Rampage  .   (gloves currently unavailable)
Will    .....      NoTele   +   (boots currently unavailable)
Stlth   ++........              (no amulet)
HPRegen 0.33/turn               b - +4 ring of slaying
MPRegen 0.12/turn               j - +6 ring of dexterity

@: tree-form, hasted, very quick
A: stationary, stasis, torment immunity, boosted hp, (nimble swimmer 2),
(mertail)
a: Renounce Religion, Wall Jump, Serpent's Lash


You were on level 9 of the Dungeon.
You worshipped Wu Jian.
Wu Jian was most pleased with you.
You were a tree.
You visited 2 branches of the dungeon, and saw 10 of its levels.
You also visited: Bailey.

You collected 535 gold pieces.

Inventory:

Hand Weapons
 a - a +0 trident of draining (weapon)
 y - a +0 bardiche
Missiles
 e - 5 javelins
Armour
 c - a +0 helmet (melded)
 f - the +2 scale mail of Beyond (melded) {rPois Slay+3}
   (You found it on level 2 of the Dungeon)

   Slay:      It affects your accuracy & damage with ranged weapons and melee
   (+3).
   rPois:     It protects you from poison.
 m - a +0 pair of boots (melded)
 v - a scarf of harm (melded)
 x - a +2 pair of gloves of dexterity (melded)
Jewellery
 b - a +4 ring of slaying (left branch)
 h - a ring of willpower
 j - a +6 ring of dexterity (right branch)
 t - a ring of protection from cold
 B - a +6 ring of intelligence
 D - a +6 ring of dexterity
Wands
 s - a wand of iceblast (12)
Scrolls
 g - 4 scrolls of blinking
 i - a scroll of enchant armour
 k - 5 scrolls of teleportation (quivered)
 n - 3 scrolls of amnesia
 q - 2 scrolls of fear
 u - 2 scrolls of magic mapping
 w - a scroll of silence
 z - a scroll of fog
 C - a scroll of enchant weapon {unknown}
Potions
 d - a potion of experience {unknown}
 o - a potion of lignification
 p - a potion of haste
 r - 3 potions of flight
 A - a potion of mutation {unknown}
 E - a potion of might {unknown}


   Skills:
 * Level 10.5 Fighting
 * Level 16.9 Polearms
 - Level 2.0 Throwing
 * Level 9.0 Dodging


You had 10 spell levels left.
You didn't know any spells.
Your spell library contained the following spells:

 Spells                   Type           Power      Damage    Failure   Level
 Magic Dart               Conj           0%         1d3       41%         1
 Sting                    Tmut/Pois      0%         1d3       41%         1
 Blink                    Tloc           0%         N/A       54%         2
 Poisonous Vapours        Pois/Air       0%         N/A       54%         2
 Searing Ray              Conj           0%         2d4       54%         2
 Call Canine Familiar     Summ           0%         N/A       78%         3
 Dazzling Flash           Conj/Hex       0%         N/A       78%         3
 Lesser Beckoning         Tloc           0%         N/A       78%         3
 Portal Projectile        Hex/Tloc       0%         N/A       78%         3
 Animate Armour           Summ/Erth      0%         N/A       99%         4
 Fulminant Prism          Conj/Hex       0%         3d6       99%         4
 Iskenderun's Mystic Bla  Conj/Tloc      0%         2d3       99%         4
 Leda's Liquefaction      Hex/Erth       0%         N/A       99%         4
 Olgreb's Toxic Radiance  Pois           0%         N/A       99%         4
 Blade Hands              Tmut           0%         N/A       100%        5
 Manifold Assault         Tloc           0%         N/A       100%        5
 Iron Shot                Conj/Erth      0%         9d1       100%        6
 Starburst                Conj/Fire      0%         6d3       100%        6


Dungeon Overview and Level Annotations

Branches:
Dungeon (9/15)             Temple (1/1) D:5            Lair (0/6) D:8
 Bailey (visited)
    Orc: D:9-12

Altars:
Ashenzari
Cheibriados
Dithmenos
Elyvilon
Fedhas
Gozag
Hepliaklqana
Kikubaaqudgha
Makhleb
Nemelex Xobeh
Okawaru
Qazlal
Ru
Sif Muna
Trog
Uskayaw
Vehumet
Wu Jian
Xom
Yredelemnul
Zin
The Shining One

Shops:
D:3 :


Innate Abilities, Weirdness & Mutations

You are a tree.
Your roots penetrate the ground, keeping you stationary.
You cannot be teleported.
You are immune to unholy pain and torment.
Your maximum health is greatly increased.
Your equipment is partially melded.
((You are very nimble when in or above water. (Stealth+, EV+, Speed+++)))
((Your lower body shifts to a powerful aquatic tail in water.))


Message History

* * * LOW HITPOINT WARNING * * *
You feel yourself slow down.
You closely miss the hornet.
The hornet is almost dead.
The centaur shoots an arrow.
The arrow hits you but does no damage.
The hornet stings you but does no damage.
The centaur shoots an arrow.
The arrow hits you but does no damage.
Unknown command.
Unknown command.
You hit the hornet.
You kill the hornet!
The Council accepts your kill.
The centaur shoots an arrow.
The arrow hits you but does no damage.
Your Dodging skill increases to level 9!
Unknown command.
Reach: a) +0 trident (drain)
Press: ? - help, Dir - move target, f - centaur
Aim: a centaur, wielding a +0 shortbow (about 18% to evade your +0 trident of draining)
You reach to attack!
You hit the centaur. You drain the centaur.
The centaur is lightly wounded.
The centaur shoots an arrow.
The arrow hits you but does no damage.
The steam dragon bites you but does no damage.
The steam dragon claws you but does no damage.
Unknown command.
Unknown command.
Non-targeted read: 5 scrolls of teleportation
Press: ? - help, Q - select action, (/) - cycle Dir - look around, f - activate You cannot teleport because you are held in place by your roots.
Unknown command.
It was a potion of haste.
You feel yourself speed up.
You feel yourself speed up.
The centaur shoots an arrow.
The arrow hits you.
* * * LOW HITPOINT WARNING * * *
The steam dragon breathes steam at you. The ball of steam hits you.
* * * LOW HITPOINT WARNING * * *
The centaur shoots an arrow.
The arrow hits you but does no damage. The steam dragon breathes steam at you.
The ball of steam hits you!
You die...

#..# #. #### #..##. #..!##
#..#..### ?....#
#..#.##..# [![..# #
.#####..#.#[[.)# .....#.##
........#.#..D.D#)..(##...
..........## #o#####..
..#####....#+###D#....# .
#.##....##♣##..#
#.####..#.§.c..# #.#
#..##§##..# #.#
#...###...# #.#
#.......#.# #.#
#...#####.# #........# .#
..####..# .# #..# .#


You could see 2 steam dragons, an orc warrior and a centaur (drained).

Vanquished Creatures
  2 two-headed ogres (D:9)
  An orc knight (Bailey)
  A deep elf pyromancer (Bailey)
  A komodo dragon (D:7)
  Psyche (D:8)
  A kobold demonologist (D:9)
  A troll (D:9)
  A hornet (D:9)
  A wraith (D:9)
  2 yaks (D:9)
  A wyvern (D:7)
  3 wargs (D:8)
  2 water moccasins
  A sky beast (D:6)
  An ice beast (D:6)
  8 orc warriors
  A black bear (D:5)
  3 centaurs
  A phantom (D:6)
  A bullfrog (D:7)
  A necrophage (D:7)
  12 scorpions
  5 wights (D:8)
  A killer bee (D:9)
  A howler monkey (D:9)
  2 jellies
  2 hounds (D:6)
  3 gnoll shamans
  4 orc priests
  Terence (D:2)
  12 iguanas
  6 orc wizards
  Robin (D:4)
  18 gnolls
  10 adders
  2 shadow imps (D:5)
  An ufetubus (D:5)
  2 worms
  4 dart slugs
  27 orcs
  2 endoplasms
  4 giant cockroaches
  14 goblins
  10 hobgoblins
  10 kobolds
  5 quokkas (D:2)
  5 ball pythons
  6 bats
  4 frilled lizards
  5 rats
  2 butterflies (D:8)
216 creatures vanquished.

Vanquished Creatures (others)
  A goblin (D:4)
  30 plants
31 creatures vanquished.

Grand Total: 247 creatures vanquished

Notes
Turn   | Place    | Note
-------+----------+-------------------------------------------
     0 | D:1      | HendSelp the Merfolk Gladiator began the quest for the Orb.
     0 | D:1      | Reached XP level 1. HP: 16/16 MP: 1/1
   158 | D:1      | Reached XP level 2. HP: 22/22 MP: 2/2
   852 | D:2      | Identified the +2 scale mail of Beyond {rPois Slay+3}
   981 | D:2      | Reached XP level 3. HP: 28/28 MP: 3/3
  1015 | D:2      | Found a white marble altar of Elyvilon.
  1027 | D:2      | Reached skill level 5 in Polearms
  1303 | D:2      | Reached XP level 4. HP: 34/34 MP: 4/4
  1554 | D:2      | Noticed Terence
  1569 | D:2      | Killed Terence
  1571 | D:2      | Reached skill level 6 in Polearms
  1572 | D:2      | Reached XP level 5. HP: 34/41 MP: 5/5
  1855 | D:3      | Found a broken altar of Ashenzari.
  2030 | D:3      | Found Wuveywef's Book Shoppe.
  2038 | D:3      | Reached skill level 5 in Dodging
  2187 | D:3      | Found a faded altar of an unknown god.
  2438 | D:4      | Noticed Robin
  2446 | D:4      | Reached skill level 7 in Polearms
  2458 | D:4      | Killed Robin
  2459 | D:4      | Reached XP level 6. HP: 33/47 MP: 6/6
  2905 | D:5      | Entered Level 5 of the Dungeon
  2930 | D:5      | Found a hide-covered altar of Uskayaw.
  2958 | D:5      | Noticed a black bear
  2967 | D:5      | Killed a black bear
  2968 | D:5      | Reached skill level 8 in Polearms
  3069 | D:5      | Reached XP level 7. HP: 53/54 MP: 7/7
  3255 | D:5      | Found a glowing silver altar of Zin.
  3306 | D:5      | Found a staircase to the Ecumenical Temple.
  3331 | Temple   | Entered the Ecumenical Temple
  3492 | Temple   | Became a worshipper of the Wu Jian Council
  3873 | D:5      | Reached skill level 9 in Polearms
  4105 | D:6      | Reached XP level 8. HP: 19/61 MP: 8/8
  4199 | D:6      | Reached skill level 5 in Fighting
  4199 | D:6      | Reached skill level 10 in Polearms
  4807 | D:6      | Reached skill level 11 in Polearms
  5100 | D:7      | Found a flagged portal.
  5151 | D:7      | Found a burning altar of Makhleb.
  5199 | Bailey   | Entered a bailey
  5235 | Bailey   | Reached * piety under Wu Jian
  5243 | Bailey   | Found a large runed translucent door.
  5243 | Bailey   | Found a large runed translucent door.
  5243 | Bailey   | Noticed an orc knight
  5248 | Bailey   | Noticed a deep elf pyromancer
  5523 | Bailey   | Killed an orc knight
  5524 | Bailey   | Reached skill level 12 in Polearms
  5524 | Bailey   | Reached XP level 9. HP: 63/71 MP: 9/9
  5572 | Bailey   | Identified the +1 robe of Fedhas's Pride {rF+ Str+2 Dex+4}
  5685 | Bailey   | Killed a deep elf pyromancer
  5686 | Bailey   | Reached skill level 13 in Polearms
  6090 | D:7      | Reached skill level 14 in Polearms
  6214 | D:7      | Noticed a komodo dragon
  6226 | D:7      | Reached ** piety under Wu Jian
  6231 | D:7      | Killed a komodo dragon
  6232 | D:7      | Reached XP level 10. HP: 80/80 MP: 10/10
  6725 | D:8      | Found a staircase to the Lair.
  6734 | D:8      | Reached skill level 15 in Polearms
  6954 | D:8      | Found a sacrificial altar of Ru.
  7222 | D:8      | Found a white marble altar of Elyvilon.
  7275 | D:8      | Found a shimmering blue altar of Sif Muna.
  7649 | D:8      | Found an iron altar of Okawaru.
  7707 | D:8      | Noticed Psyche
  7713 | D:8      | Killed Psyche
  7747 | D:8      | Found a runed translucent door.
  7754 | D:8      | Found a runed translucent door.
  8085 | D:9      | Noticed a two-headed ogre
  8088 | D:9      | Killed a two-headed ogre
  8089 | D:9      | Reached skill level 16 in Polearms
  8098 | D:9      | Noticed a two-headed ogre
  8098 | D:9      | Noticed a kobold demonologist
  8108 | D:9      | Killed a two-headed ogre
  8109 | D:9      | Reached skill level 10 in Fighting
  8109 | D:9      | Reached XP level 11. HP: 59/90 MP: 11/11
  8115 | D:9      | Reached *** piety under Wu Jian
  8148 | D:9      | Paralysed by a hornet for 1 turns
  8157 | D:9      | HP: 5/138 [steam dragon/ball of steam (6)]
  8157 | D:9      | Killed from afar by a steam dragon

Illustrated notes

Levels and vault maps discovered:
D:1:      dpeg_arrival_rooms_c, layout_loops_ring, serial_glass,
          glass_columns_a, glass_columns_a, glass_columns_a, glass_columns_c,
          glass_columns_a, glass_columns_a, glass_columns_c, glass_columns_a
D:2:      wad_woods_stonehenge, layout_basic, minmay_indecisive_spiral,
          uniq_terence
D:3:      layout_basic, cheibrodos_ashenzari_chains, serial_shops,
          nicolae_shop_behind_doors, dilly_ecumenical_altar_fadedgnrine
D:4:      layout_gridville, chequers_serial_rivers_marsh, uniq_robin
D:5:      layout_gridville, eat_drink_and_be_merry_uskayaw, zin_treasury,
          minmay_temple_entry_tees, grunt_ministairs_1
D:6:      layout_loops_corners
D:7:      nicolae_cairo_tiling, layout_loops_cross, kennysheep_mini_moat,
          enter_bailey_2, chequers_arboretum, minmay_lizard_king
D:8:      lemuel_insect_pit, layout_loops_ring, lemuel_coloured_pillars_altar,
          lemuel_doored_altar, mainiacjoe_overflow_tiny_flanked,
          nicolae_elyvilon_peaceful_grove, erik_lair_orcish_takeover,
          kennysheep_generic_room_6, uniq_psyche
D:9:      layout_long_grid, orc_0_dummy, minmay_joined_circles
Temple:   eino_temple_water

Skill      XL: |  1  2  3  4  5  6  7  8  9 10 11 |
---------------+----------------------------------+-----
Polearms       | 5 6 7 8 9 12 14 16 | 16.9
Fighting       | 3 4 6 8 10 | 10.5
Dodging        | 5 6 7 8 9 |  9.0
Throwing       | |  2.0

Action                   |  1- 3 |  4- 6 |  7- 9 | 10-12 || total
-------------------------+-------+-------+-------+-------++-------
Melee: Trident           |    80 |   136 |   172 |   159 ||   547
       Punch             |     1 |     1 |     2 |     3 ||     7
Throw: Throwing net      |       |       |     3 |       ||     3
       Javelin           |       |       |       |     4 ||     4
Invok: Lunge             |       |       |     3 |     1 ||     4
       Whirlwind         |       |       |       |     3 ||     3
  Use: Scroll            |     4 |    11 |     1 |     1 ||    17
       Potion            |       |       |     1 |     4 ||     5
 Stab: Sleeping          |     3 |       |       |       ||     3
       Distracted        |       |     1 |       |       ||     1
       Held in net/web   |       |       |     5 |       ||     5
Armor: Leather armour    |     6 |       |       |       ||     6
       Scale mail        |    15 |    69 |    20 |    26 ||   130
       Skin              |       |       |       |    16 ||    16
Dodge: Dodged            |    41 |    98 |    55 |    60 ||   254

Table legend: (Time is in decaauts)
 A = Elapsed time spent in this place.
 B = Non-inter-level travel time spent in this place.
 C = Inter-level travel time spent in this place.
 D = Time resting spent in this place.
 E = Time spent auto-exploring this place.
 F = Levels seen in this place.
 G = Mean time per level.
                   A        B        C        D        E       F      G
               +--------+--------+--------+--------+--------+-----+--------+
         Total |   7867 |   7599 |    268 |     89 |   6206 |  11 |  715.2 |
       Dungeon |   6999 |   6752 |    247 |      0 |   5769 |   9 |  777.7 |
        Temple |    326 |    305 |     21 |      0 |    283 |   1 |  326.0 |
        Bailey |    541 |    541 |      0 |     89 |    153 |   1 |  541.0 |
               +--------+--------+--------+--------+--------+-----+--------+

Top non-repeatable levels by time:
     D:8: 1287 daAuts
     D:7: 1040 daAuts
     D:2: 1022 daAuts
     D:6: 1005 daAuts
     D:1: 805 daAuts
     D:5: 676 daAuts
     D:3: 564 daAuts
  Bailey: 541 daAuts
     D:4: 507 daAuts
  Temple: 326 daAuts
     D:9: 89 daAuts
